DBL
ORLANDO DEVIL RAYS @ CINCINNATI REDS
04/28/1997
 
TOP OF THE 1ST
Orlando Devil Rays batting - Pitching for Cincinnati Reds : RHP Kevin Foster
Pitching: RHP Kevin Foster
Batting: RHB Brian Jordan 0-0: Called Strike
0-1: Ball
1-1: SOLO HOME RUN (Flyball, 78XD, EV 94.4 MPH), Distance : 424 ft
Batting: SHB Jose Oquendo 0-0: Swinging Strike
0-1: Ball
1-1: Foul Ball, location: 2F
1-2: Strikes out looking
Batting: RHB Craig Biggio 0-0: Ball
1-0: Ball
2-0: Ball
3-0: Base on Balls
Batting: RHB Ron Gant 0-0: Ball
1-0: Ball
2-0: Foul Ball, location: 2F
2-1: Ball
3-1: Base on Balls
Craig Biggio to second
Batting: RHB Tim Salmon 0-0: Ball
1-0: Called Strike
1-1: Foul Ball, location: 2F
1-2: Ball
2-2: Strikes out swinging
Batting: LHB Paul O'Neill 0-0: Ball
1-0: SINGLE (Groundball, 6D, EV 106.3 MPH)
Craig Biggio to third
Ron Gant to second
Runner from 3rd tries for Home, SAFE, throw by CF to home
Batting: RHB Jeff Bagwell 0-0: Ball
1-0: Called Strike
1-1: Foul Ball, location: 2F
1-2: Strikes out swinging
Top of the 1st over - 2 runs, 2 hits, 0 errors, 2 left on base; Orlando 2 - Cincinnati 0
BOTTOM OF THE 1ST
Cincinnati Reds batting - Pitching for Orlando Devil Rays : RHP John Smoltz
Pitching: RHP John Smoltz
Batting: LHB Fernando Vina 0-0: Called Strike
0-1: Foul Ball, location: 2F
0-2: DOUBLE (Line Drive, 9LM, EV 98.8 MPH)
Batting: RHB Scott Rolen 0-0: Swinging Strike
0-1: Foul Ball, location: 2F
0-2: Ball
1-2: Ball
2-2: Ball
3-2: Foul Ball, location: 2F
3-2: Foul Ball, location: 2F
3-2: 2-RUN HOME RUN (Flyball, 7LD, EV 105.0 MPH), Distance : 356 ft
Batting: SHB Bernie Williams 0-0: Fly out, F7 (Flyball, 7, EV 78.8 MPH)
Batting: LHB Bobby Higginson 0-0: Called Strike
0-1: Ball
1-1: Foul Ball, location: 2F
1-2: Strikes out swinging, 2-3 out at first.
Batting: RHB Javy Lopez 0-0: Foul Ball, location: 2F
0-1: Foul Ball, location: 2F
0-2: SOLO HOME RUN (Flyball, 9D, EV 88.1 MPH), Distance : 379 ft
Batting: LHB Matt Lawton 0-0: Foul Ball, location: 2F
0-1: Ball
1-1: SINGLE (Groundball, 3D, EV 107.5 MPH)
Batting: SHB Jose Offerman 0-0: Called Strike
0-1: Ball
1-1: Foul Ball, location: 2F
1-2: Strikes out swinging
Bottom of the 1st over - 3 runs, 4 hits, 0 errors, 1 left on base; Orlando 2 - Cincinnati 3
TOP OF THE 2ND
Orlando Devil Rays batting - Pitching for Cincinnati Reds : RHP Kevin Foster
Batting: SHB Jose Valentin 0-0: Called Strike
0-1: Ball
1-1: SOLO HOME RUN (Flyball, 9D, EV 108.1 MPH), Distance : 381 ft
Batting: RHB Ron Karkovice 0-0: Fly out, F7 (Flyball, 7LMF, EV 94.4 MPH)
Batting: RHB Brian Jordan 0-0: Ball
1-0: Swinging Strike
1-1: Foul Ball, location: 2F
1-2: Foul Ball, location: 2F
1-2: Ground out 6-3 (Groundball, 6S, EV 70.0 MPH)
Batting: SHB Jose Oquendo 0-0: Ground out 4-3 (Groundball, 4, EV 88.1 MPH)
Top of the 2nd over - 1 run, 1 hit, 0 errors, 0 left on base; Orlando 3 - Cincinnati 3
BOTTOM OF THE 2ND
Cincinnati Reds batting - Pitching for Orlando Devil Rays : RHP John Smoltz
Batting: SHB Omar Vizquel 0-0: Ball
1-0: Foul Ball, location: 2F
1-1: Swinging Strike
1-2: Strikes out swinging
Batting: SHB Dwayne Hosey 0-0: Ball
1-0: Called Strike
1-1: Ball
2-1: Called Strike
2-2: Foul Ball, location: 2F
2-2: Strikes out looking
Batting: LHB Fernando Vina 0-0: Foul Ball, location: 2F
0-1: Ball
1-1: Fly out, F7 (Flyball, 7LM, EV 85.6 MPH)
Bottom of the 2nd over - 0 runs, 0 hits, 0 errors, 0 left on base; Orlando 3 - Cincinnati 3
TOP OF THE 3RD
Orlando Devil Rays batting - Pitching for Cincinnati Reds : RHP Kevin Foster
Batting: RHB Craig Biggio 0-0: Ball
1-0: Swinging Strike
1-1: Fly out, F8 (Flyball, 8RD, EV 104.4 MPH)
Batting: RHB Ron Gant 0-0: Swinging Strike
0-1: Foul Ball, location: 2F
0-2: Strikes out looking
Batting: RHB Tim Salmon 0-0: Ball
1-0: SINGLE (Line Drive, 34D, EV 103.1 MPH)
Batting: LHB Paul O'Neill 0-0: Ball
1-0: Called Strike
1-1: Foul Ball, location: 2F
1-2: Strikes out swinging
Top of the 3rd over - 0 runs, 1 hit, 0 errors, 1 left on base; Orlando 3 - Cincinnati 3
BOTTOM OF THE 3RD
Cincinnati Reds batting - Pitching for Orlando Devil Rays : RHP John Smoltz
Batting: RHB Scott Rolen 0-0: Foul Ball, location: 2F
0-1: Ball
1-1: Swinging Strike
1-2: Foul Ball, location: 2F
1-2: Ball
2-2: Foul Ball, location: 2F
2-2: Fly out, F7 (Line Drive, 7, EV 88.8 MPH)
Batting: SHB Bernie Williams 0-0: Ground out 5-3 (Groundball, 5S, EV 67.5 MPH)
Batting: LHB Bobby Higginson 0-0: Ball
1-0: Ball
2-0: Foul Ball, location: 2F
2-1: Foul Ball, location: 2F
2-2: Strikes out swinging, 2-3 out at first.
Bottom of the 3rd over - 0 runs, 0 hits, 0 errors, 0 left on base; Orlando 3 - Cincinnati 3
TOP OF THE 4TH
Orlando Devil Rays batting - Pitching for Cincinnati Reds : RHP Kevin Foster
Batting: RHB Jeff Bagwell 0-0: SOLO HOME RUN (Flyball, 7LD, EV 104.4 MPH), Distance : 358 ft
Batting: SHB Jose Valentin 0-0: Swinging Strike
0-1: Ball
1-1: Ball
2-1: Ball
3-1: Called Strike
3-2: Foul Ball, location: 2F
3-2: Foul Ball, location: 2F
3-2: SOLO HOME RUN (Flyball, 9D, EV 98.1 MPH), Distance : 375 ft
Batting: RHB Ron Karkovice 0-0: Ball
1-0: Called Strike
1-1: Foul Ball, location: 2F
1-2: Foul Ball, location: 2F
1-2: Foul Ball, location: 2F
1-2: Ground out 6-3 (Groundball, 6M, EV 105.6 MPH)
Batting: RHB Brian Jordan 0-0: Called Strike
0-1: Ball
1-1: Ball
2-1: Foul Ball, location: 2F
2-2: Foul Ball, location: 2F
2-2: Ball
3-2: Foul Ball, location: 2F
3-2: Strikes out looking
Batting: SHB Jose Oquendo 0-0: Ground out 4-3 (Groundball, 4, EV 85.0 MPH)
Top of the 4th over - 2 runs, 2 hits, 0 errors, 0 left on base; Orlando 5 - Cincinnati 3
BOTTOM OF THE 4TH
Cincinnati Reds batting - Pitching for Orlando Devil Rays : RHP John Smoltz
Batting: RHB Javy Lopez 0-0: Ball
1-0: Ball
2-0: Ball
3-0: Called Strike
3-1: Base on Balls
Batting: LHB Matt Lawton 0-0: Grounds into double play, 4-6-3 (Groundball, 4, EV 97.5 MPH)
Batting: SHB Jose Offerman 0-0: Called Strike
0-1: Foul Ball, location: 2F
0-2: Ball
1-2: Ball
2-2: Ground out 3-1 (Groundball, 34, EV 97.5 MPH)
Bottom of the 4th over - 0 runs, 0 hits, 0 errors, 0 left on base; Orlando 5 - Cincinnati 3
TOP OF THE 5TH
Orlando Devil Rays batting - Pitching for Cincinnati Reds : RHP Kevin Foster
Batting: RHB Craig Biggio 0-0: Swinging Strike
0-1: Ball
1-1: Called Strike
1-2: Foul Ball, location: 2F
1-2: Fly out, F4 (Popup, 4, EV 75.6 MPH)
Batting: RHB Ron Gant 0-0: Ball
1-0: Ball
2-0: Ball
3-0: Called Strike
3-1: Ground out 5-3 (Groundball, 5, EV 100.0 MPH)
Batting: RHB Tim Salmon 0-0: Called Strike
0-1: Foul Ball, location: 2F
0-2: Fly out, F2 (Popup, 3SF, EV 78.8 MPH)
Top of the 5th over - 0 runs, 0 hits, 0 errors, 0 left on base; Orlando 5 - Cincinnati 3
BOTTOM OF THE 5TH
Cincinnati Reds batting - Pitching for Orlando Devil Rays : RHP John Smoltz
Batting: SHB Omar Vizquel 0-0: Ball
1-0: Swinging Strike
1-1: Called Strike
1-2: Foul Ball, location: 2F
1-2: Foul Ball, location: 2F
1-2: Ball
2-2: Ground out U3 (Groundball, 3S, EV 79.4 MPH)
Batting: SHB Dwayne Hosey 0-0: Ball
1-0: Ball
2-0: Called Strike
2-1: Swinging Strike
2-2: Ground out 4-3 (Groundball, 4, EV 80.6 MPH)
Batting: LHB Fernando Vina 0-0: Ball
1-0: Foul Ball, location: 2F
1-1: Ground out 1-3 (Groundball, 34S, EV 81.9 MPH)
Bottom of the 5th over - 0 runs, 0 hits, 0 errors, 0 left on base; Orlando 5 - Cincinnati 3
TOP OF THE 6TH
Orlando Devil Rays batting - Pitching for Cincinnati Reds : RHP Kevin Foster
Batting: LHB Paul O'Neill 0-0: Ball
1-0: Called Strike
1-1: Called Strike
1-2: Foul Ball, location: 2F
1-2: Ball
2-2: Fly out, F8 (Flyball, 8LS, EV 93.1 MPH)
Batting: RHB Jeff Bagwell 0-0: Called Strike
0-1: Fly out, F9 (Line Drive, 9, EV 89.4 MPH)
Batting: SHB Jose Valentin 0-0: Foul Ball, location: 2F
0-1: Called Strike
0-2: Ball
1-2: Foul Ball, location: 2F
1-2: Foul Ball, location: 2F
1-2: Ball
2-2: Strikes out looking
Top of the 6th over - 0 runs, 0 hits, 0 errors, 0 left on base; Orlando 5 - Cincinnati 3
BOTTOM OF THE 6TH
Cincinnati Reds batting - Pitching for Orlando Devil Rays : RHP John Smoltz
Batting: RHB Scott Rolen 0-0: Called Strike
0-1: Swinging Strike
0-2: Foul Ball, location: 2F
0-2: Strikes out swinging
Batting: SHB Bernie Williams 0-0: Ball
1-0: Foul Ball, location: 2F
1-1: Called Strike
1-2: Foul Ball, location: 2F
1-2: Foul Ball, location: 2F
1-2: Foul Ball, location: 2F
1-2: Ball
2-2: Strikes out swinging
Batting: LHB Bobby Higginson 0-0: Ball
1-0: Ball
2-0: Foul Ball, location: 2F
2-1: Ball
3-1: SOLO HOME RUN (Flyball, 9LD, EV 88.8 MPH), Distance : 352 ft
Batting: RHB Javy Lopez 0-0: Ball
1-0: Ground out 6-3 (Groundball, 6, EV 94.4 MPH)
Bottom of the 6th over - 1 run, 1 hit, 0 errors, 0 left on base; Orlando 5 - Cincinnati 4
TOP OF THE 7TH
Orlando Devil Rays batting - Pitching for Cincinnati Reds : RHP Kevin Foster
Batting: RHB Ron Karkovice 0-0: Ball
1-0: Fly out, F3 (Popup, 3, EV 58.1 MPH)
Batting: RHB Brian Jordan 0-0: Ball
1-0: Called Strike
1-1: Ground out 1-3 (Groundball, 34S, EV 80.0 MPH)
Batting: SHB Jose Oquendo 0-0: Foul Ball, location: 2F
0-1: Reached on error, E1 (Groundball, 15S, EV 66.9 MPH)
Batting: RHB Craig Biggio 0-0: Called Strike
0-1: Ball
1-1: Called Strike
1-2: Ball
2-2: Foul Ball, location: 2F
2-2: Foul Ball, location: 2F
2-2: DOUBLE (Line Drive, 9LS, EV 104.4 MPH)
Jose Oquendo to third
Runner from 3rd tries for Home, SAFE, throw by RF to trailing runner, SAFE at third!
Batting: RHB Ron Gant 0-0: Ball
1-0: Ball
2-0: Ball
3-0: Called Strike
3-1: Called Strike
3-2: Base on Balls
Batting: RHB Tim Salmon 0-0: Called Strike
0-1: 3-RUN HOME RUN (Flyball, 7LD, EV 90.6 MPH), Distance : 336 ft
Pitching: RHP Derek Lowe
Batting: LHB Paul O'Neill 0-0: Ball
1-0: Called Strike
1-1: Ball
2-1: Called Strike
2-2: Ball
3-2: Fly out, F8 (Flyball, 89S, EV 91.9 MPH)
Top of the 7th over - 4 runs, 2 hits, 1 error, 0 left on base; Orlando 9 - Cincinnati 4
BOTTOM OF THE 7TH
Cincinnati Reds batting - Pitching for Orlando Devil Rays : RHP John Smoltz
Batting: LHB Matt Lawton 0-0: Ball
1-0: Ball
2-0: Called Strike
2-1: Ball
3-1: Foul Ball, location: 2F
3-2: Base on Balls
Batting: SHB Jose Offerman 0-0: Foul Ball, location: 2F
0-1: Ball
1-1: Swinging Strike
1-2: Ball
2-2: Foul Ball, location: 2F
2-2: Strikes out swinging
Batting: SHB Omar Vizquel 0-0: DOUBLE (Line Drive, 9LM, EV 108.1 MPH)
Matt Lawton to third
Matt Lawton scores
Pitching: RHP Rich Garces
Batting: SHB Dwayne Hosey 0-0: SINGLE (Line Drive, 89S, EV 106.3 MPH)
Omar Vizquel to third
Batting: LHB Fernando Vina 0-0: Ball
1-0: Ball
2-0: Ball
3-0: Base on Balls
Dwayne Hosey to second
Batting: RHB Scott Rolen 0-0: Ball
1-0: Ball
2-0: Called Strike
2-1: Swinging Strike
2-2: Ball
3-2: Foul Ball, location: 2F
3-2: Base on Balls
Omar Vizquel scores
Dwayne Hosey to third
Fernando Vina to second
Batting: SHB Bernie Williams 0-0: Called Strike
0-1: Foul Ball, location: 2F
0-2: Ball
1-2: Foul Ball, location: 2F
1-2: Foul Ball, location: 2F
1-2: Strikes out swinging
Batting: LHB Bobby Higginson 0-0: Ball
1-0: Called Strike
1-1: Called Strike
1-2: Foul Ball, location: 2F
1-2: Foul Ball, location: 2F
1-2: Foul Ball, location: 2F
1-2: Ground out 4-3 (Groundball, 4, EV 83.1 MPH)
Bottom of the 7th over - 2 runs, 2 hits, 0 errors, 3 left on base; Orlando 9 - Cincinnati 6
TOP OF THE 8TH
Orlando Devil Rays batting - Pitching for Cincinnati Reds : RHP Derek Lowe
Batting: RHB Jeff Bagwell 0-0: Called Strike
0-1: Ground out 6-3 (Groundball, 6, EV 110.6 MPH)
Batting: SHB Jose Valentin 0-0: Ball
1-0: Foul Ball, location: 2F
1-1: Foul Ball, location: 2F
1-2: Ball
2-2: Ball
3-2: Foul Ball, location: 2F
3-2: Foul Ball, location: 2F
3-2: Base on Balls
Batting: RHB Ron Karkovice 0-0: Called Strike
0-1: Swinging Strike
0-2: Ball
1-2: Foul Ball, location: 2F
1-2: Strikes out looking
Batting: RHB Brian Jordan 0-0: Ball
1-0: Called Strike
1-1: TRIPLE (Line Drive, 78XD, EV 98.8 MPH)
Jose Valentin scores
Batting: SHB Jose Oquendo 0-0: Foul Ball, location: 2F
0-1: Ball
1-1: SINGLE (Groundball, 2L, EV 70.0 MPH) (infield hit)
Brian Jordan scores
Batting: RHB Craig Biggio 0-0: Ball
1-0: Foul Ball, location: 2F
1-1: Ball
2-1: Ball
3-1: Base on Balls
Jose Oquendo to second
Batting: RHB Ron Gant 0-0: Swinging Strike
0-1: Ball
1-1: Ground out 4-3 (Groundball, 34, EV 101.9 MPH)
Top of the 8th over - 2 runs, 2 hits, 0 errors, 2 left on base; Orlando 11 - Cincinnati 6
BOTTOM OF THE 8TH
Cincinnati Reds batting - Pitching for Orlando Devil Rays : RHP Rich Garces
Batting: RHB Javy Lopez 0-0: Called Strike
0-1: Foul Ball, location: 2F
0-2: Foul Ball, location: 2F
0-2: Strikes out looking
Batting: LHB Matt Lawton 0-0: Ball
1-0: Called Strike
1-1: Foul Ball, location: 2F
1-2: Ball
2-2: Foul Ball, location: 2F
2-2: Ball
3-2: Foul Ball, location: 2F
3-2: Fly out, F7 (Line Drive, 78S, EV 93.8 MPH)
Batting: SHB Jose Offerman 0-0: Ball
1-0: Called Strike
1-1: Called Strike
1-2: Ground out 4-3 (Groundball, 4, EV 80.0 MPH)
Bottom of the 8th over - 0 runs, 0 hits, 0 errors, 0 left on base; Orlando 11 - Cincinnati 6
TOP OF THE 9TH
Orlando Devil Rays batting - Pitching for Cincinnati Reds : RHP Derek Lowe
Batting: RHB Tim Salmon 0-0: Ball
1-0: Called Strike
1-1: Called Strike
1-2: Ground out 4-3 (Groundball, 4, EV 80.0 MPH)
Batting: LHB Paul O'Neill 0-0: Foul Ball, location: 2F
0-1: Ball
1-1: Swinging Strike
1-2: Fly out, F9 (Flyball, 9S, EV 82.5 MPH)
Batting: RHB Jeff Bagwell 0-0: Ball
1-0: Ball
2-0: Called Strike
2-1: Foul Ball, location: 2F
2-2: Fly out, F7 (Flyball, 7LS, EV 90.0 MPH)
Top of the 9th over - 0 runs, 0 hits, 0 errors, 0 left on base; Orlando 11 - Cincinnati 6
BOTTOM OF THE 9TH
Cincinnati Reds batting - Pitching for Orlando Devil Rays : RHP Rich Garces
Batting: SHB Omar Vizquel 0-0: Ball
1-0: Fly out, F8 (Flyball, 8RD, EV 107.5 MPH)
Batting: SHB Dwayne Hosey 0-0: Called Strike
0-1: Ball
1-1: Ball
2-1: Called Strike
2-2: Ball
3-2: Foul Ball, location: 2F
3-2: Base on Balls
Pitching: RHP Xavier Hernandez
Batting: LHB Fernando Vina 0-0: SINGLE (Line Drive, 7S, EV 103.1 MPH)
Dwayne Hosey to second
Batting: RHB Scott Rolen 0-0: Swinging Strike
0-1: Called Strike
0-2: Ball
1-2: SINGLE (Groundball, 4MD, EV 103.8 MPH)
Dwayne Hosey to third
Fernando Vina to second
Batting: SHB Bernie Williams 0-0: Ball
1-0: SINGLE (Groundball, 3D, EV 98.1 MPH)
Dwayne Hosey scores
Fernando Vina to third
Scott Rolen to second
Batting: LHB Bobby Higginson 0-0: Foul Ball, location: 2F
0-1: Foul Ball, location: 2F
0-2: Foul Ball, location: 2F
0-2: Fly out, F4 (Popup, 34D, EV 70.6 MPH)
Batting: RHB Javy Lopez 0-0: Ball
1-0: Ball
2-0: SINGLE (Line Drive, 34D, EV 107.5 MPH)
Fernando Vina scores
Scott Rolen to third
Bernie Williams to second
Batting: LHB Matt Lawton 0-0: Ball
1-0: Swinging Strike
1-1: Ball
2-1: Ball
3-1: Foul Ball, location: 2F
3-2: Reached on error, E6 (Groundball, 6, EV 96.9 MPH)
Scott Rolen scores
Bernie Williams scores
Javy Lopez to third
Batting: SHB Jose Offerman 0-0: Ball
1-0: Ball
2-0: Foul Ball, location: 2F
2-1: Foul Ball, location: 2F
2-2: SINGLE (Groundball, 56D, EV 104.4 MPH)
Javy Lopez scores
Matt Lawton to third
Runner from 3rd tries for Home, SAFE, throw by LF to home
Monday, February 2nd, 2026 - OOTP Baseball 20.8 Build 74